[Event "Live Chess"]
[Site "Chess.com"]
[Date "2024.06.02"]
[Round "-"]
[White "Brooms1989"]
[Black "AlanBstard10"]
[Result "1-0"]
[WhiteElo "1196"]
[BlackElo "1224"]
[TimeControl "300"]
[EndTime "2:50:41 PDT"]
[Termination "Brooms1989 won by checkmate"]

1. e4 d5 2. exd5 Nf6 3. d4 Qxd5 4. c4 Qe4+ 5. Be3 e6 6. Nc3 Qc6 7. Nf3 Ne4 8. Nxe4 Qxe4 9. Bd3 Qg4 10. O-O Bd6 11. h3 Qh5 12. Be2 Qa5 13. a3 O-O 14. b4 Qb6 15. c5 Bxc5 16. dxc5 Qc6 17. Qc2 b6 18. Bd3 g6 19. Bh6 Rd8 20. Qc3 f6 21. Qxf6 Rd7 22. Ne5 Qd5 23. Qf8# 1-0

[Event "Live Chess"]
[Site "Chess.com"]
[Date "2024.06.02"]
[Round "-"]
[White "McFim"]
[Black "raimundklein"]
[Result "1-0"]
[WhiteElo "1702"]
[BlackElo "1559"]
[TimeControl "300"]
[EndTime "2:50:43 PDT"]
[Termination "McFim won on time"]

1. e4 c6 2. d4 d5 3. exd5 cxd5 4. Bd3 Nc6 5. c3 g6 6. Bf4 Bf5 7. Bxf5 gxf5 8. Ne2 e6 9. Nd2 Nf6 10. h3 Ne4 11. f3 Nd6 12. Qc2 Bg7 13. g4 fxg4 14. hxg4 f5 15. Bh6 Qf6 16. Bxg7 Qxg7 17. gxf5 Nxf5 18.
Qd3 O-O-O 19. O-O-O Kb8 20. Rdg1 Qf6 21. Rh3 h5 22.
Rgh1 h4 23. f4 Rdg8 24. Nf3 Rg2 25. Ng5 Rc8 26. Qf3 Rg3 27. Nxg3 hxg3 28. Rh6 Qd8 29.
Rxe6 Ncxd4 30. Qg4 Qa5 31. Kb1 Qa4 32. Rc1 Nxe6 33. Nxe6 Ne3 34. Qxg3 Nc4 35. f5+ 1-0

[Event "Live Chess"]
[Site "Chess.com"]
[Date "2024.06.02"]
[Round "-"]
[White "Purple1szed"]
[Black "AlexanderMatlak"]
[Result "1-0"]
[WhiteElo "2087"]
[BlackElo "2398"]
[TimeControl "300"]
[EndTime "2:51:20 PDT"]
[Termination "Purple1szed won by resignation"]

1. e4 c5 2. c3 Nf6 3. e5 Nd5 4. d4 cxd4 5. cxd4 d6 6. Nf3 Nc6 7. Bc4 Nb6 8. Bb3 dxe5 9. Nxe5 Nxe5 10. dxe5 Qxd1+ 11. Bxd1 e6 12. O-O Bd7 13. Bf3 Bc6 14.
Bxc6+ bxc6 15. Nc3 Be7 16. Ne4 O-O 17. Nd6 Bxd6 18.
exd6 Rfd8 19. Bf4 f6 20. Rfd1 e5 21. Be3 Nc4 22. Rac1 Nxe3 23. fxe3 Rac8 24. Rc3 Kf7 25. e4 Ke6 26. Rcd3 Rd7 27. Kf2 Rcd8 28. Ra3 Rb8 29. b3 Rbb7 30. Ra6 Rxd6 31. Rxd6+ Kxd6 32. Ke3 g6 33. Ra4 f5 34. g3 Rf7 35. Rc4 f4+ 36. gxf4 exf4+ 37. Kf3 g5 38. h3 h5 39. Rc1 a5 40.
Rg1 Ke5 41. Rxg5+ Kd4 42. Rxa5 c5 43. Ra4+ Kd3 44. Rc4 Ra7 45. Kxf4 Rxa2 46. Rxc5 Rh2 47. Rxh5 Kc3 48. e5 Kxb3 49. e6 Rf2+ 50. Ke5 Kc4 51.
Kd6 1-0

[Event "Live Chess"]
[Site "Chess.com"]
[Date "2024.06.02"]
[Round "-"]
[White "elis06"]
[Black "Queensandpawns"]
[Result "1-0"]
[WhiteElo "2232"]
[BlackElo "2264"]
[TimeControl "300"]
[EndTime "2:51:30 PDT"]
[Termination "elis06 won on time"]

1. e4 d5 2. exd5 c6 3. d4 Nf6 4.
Nf3 Bg4 5. Bd3 Qxd5 6. Be3 Nbd7 7. Nbd2 O-O-O 8. c4 Qh5 9. h3 e5 10. d5 cxd5 11.
cxd5 Nxd5 12. Rc1+ Kb8 13. Bxa7+ Kxa7 14. Qa4+ Kb8 15.
Qxg4 Qxg4 16. hxg4 Nf4 17. Bf1 Nc5 18. Rc3 e4 19.
Ne5 Ncd3+ 20. Nxd3 Nxd3+ 21. Bxd3 exd3 22. Rh3 Re8+ 23. Kd1 Re2 24. Rhxd3 Rxf2 25. Rd8+ Ka7 26. Rcc8 Bb4 27.
Rxh8 Rxd2+ 28. Kc1 Rxg2 29. Rxh7 Rxg4 30. Rg8 Rg1+ 31.
Kc2 g5 32. Rxf7 Rg2+ 33. Kb3 Bc5 34. Rgg7 Bd4 35. Rh7 Rxb2+ 36. Ka3 Rb6 37. Rh5 Be3 38. Ka4 Ka6 39. Rh3 Bc5 40. Rb3 Re6 41. Rbf3 Re4+ 42.
Kb3 Rb4+ 43. Kc2 g4 44. R3f6+ Rb6 45. Rxb6+ Bxb6 46. Rg7 Ka5 47. Rxg4 Ba7 48. Kb3 b5 49. Rg8 Bb6 50. Ra8+ Ba7 51. Rxa7+ Kb6 52. Rh7 Kc5 53. Rh5+ Kb6 54. Kb4 Ka7 55. Rxb5 Ka8 56. Rh5 Ka7 57. Rh6 Ka8 58. Kb5 Ka7 59. Rg6 Kb8 60. Rg7 Kc8 61.
Rh7 Kd8 62. a4 1-0

[Event "Live Chess"]
[Site "Chess.com"]
[Date "2024.06.02"]
[Round "-"]
[White "Duke_of_Bebington"]
[Black "LL220284LL"]
[Result "0-1"]
[WhiteElo "1637"]
[BlackElo "2507"]
[TimeControl "300"]
[EndTime "2:51:38 PDT"]
[Termination "LL220284LL won by checkmate"]

1. e4 g6 2. d4 Bg7 3. Be3 c6 4. Bd3 d6 5. Ne2 Nf6 6. f3 Nbd7 7. Nbc3 b5 8. a3 Rb8 9. Qd2 O-O 10. Bh6 a6 11.
Bxg7 Kxg7 12. g4 c5 13. dxc5 Nxc5 14. h4 h5 15. gxh5 Nxh5 16. Nf4 Nxf4 17. Qxf4 Nxd3+ 18. cxd3 e5 19. Qg3 Be6 20. Kd2 Qf6 21. Rag1 b4 22. axb4 Rxb4 23. Ke3 d5 24. exd5 Bf5 25. Ne4 Qb6+ 26. Ke2 Rxb2+ 27. Nd2 Bxd3+ 28. Kxd3 Qd4+ 29. Ke2 Qxd2+ 30. Kf1 Rb1+ 31. Qe1 Rxe1# 0-1

[Event "Live Chess"]
[Site "Chess.com"]
[Date "2024.06.02"]
[Round "-"]
[White "KeithArkell"]
[Black "ameetghasi100"]
[Result "1/2-1/2"]
[WhiteElo "2417"]
[BlackElo "2787"]
[TimeControl "300"]
[EndTime "2:51:39 PDT"]
[Termination "Game drawn by repetition"]

1. d4 Nf6 2. Nf3 g6 3. c4 Bg7 4. g3 O-O 5. Bg2 d6 6. O-O Nbd7 7. d5 a5 8. Nc3 Nc5 9. Be3 b6 10. Nd4 Ng4 11. Bf4 Bd7 12. h3 Ne5 13. b3 e6 14.
dxe6 fxe6 15. Rc1 h6 16. Be3 Qe7 17. Bxa8 Rxa8 18. f4 Nf7 19. Nf3 Bc6 20. Bd4 e5 21.
fxe5 dxe5 22. Be3 Rd8 23. Qc2 e4 24. Nh4 Qe6 25. Kh2 Bd7 26. g4 h5 27. Rg1 Qf6 28. Ng2 hxg4 29. Rgf1 Qd6+ 30. Bf4 g3+ 31. Kxg3 Qe6 32.
Rh1 g5 33. Be3 Qf5 34. Kh2 Qxh3+ 35. Kg1 Qg3 36. Nxe4 Nxe4 37. Qxe4 Re8 38. Qf3 Qe5 39. Rd1 Bf5 40. Bd4 Qxe2 41. Qxe2 Rxe2 42. Bxg7 Kxg7 43. Rh2 Rxa2 44. Ne3 Rxh2 45. Kxh2 Be6 46. Nd5 Bxd5 47. cxd5 Nd6 48. Rc1 Nb5 49. Rc6 Kf7 50. Kg3 Ke7 51.
Kg4 Kd7 52. Kxg5 Nd4 53. Rc3 Kd6 54. Rc4 Kxd5 55. Rxc7 Nxb3 56. Kf4 Nc5 57. Ke3 b5 58. Kd2 b4 59. Kc2 a4 60. Rc8 Kc4 61. Rc7 a3 62. Ra7 b3+ 63. Kb1 Kb4 64. Ra8 Na4 65. Rb8+ Kc4 66. Rc8+ Kd4 67. Rb8 Nc3+ 68. Kc1 Kc4 69. Rc8+ Kb4 70. Rb8+ Nb5 71. Kb1 a2+ 72. Kb2 Ka4 73. Ra8+ Kb4 74. Rb8 Ka4 75. Ra8+ Kb4 76.
Rb8 1/2-1/2

[Event "Live Chess"]
[Site "Chess.com"]
[Date "2024.06.02"]
[Round "-"]
[White "Pandreq"]
[Black "CheckThis4"]
[Result "0-1"]
[WhiteElo "1209"]
[BlackElo "2698"]
[TimeControl "300"]
[EndTime "2:51:39 PDT"]
[Termination "CheckThis4 won by resignation"]

1. d4 Nf6 2. c4 g6 3. Nc3 d5 4. cxd5 Nxd5 5. e4 Nxc3 6. bxc3 Bg7 7. Nf3 c5 8. Bb2 Qa5 9. Qc2 cxd4 10. e5 Nc6 11. O-O-O Bf5 12. Qd2 Rc8 13. a3 O-O 14.
Bd3 Bxd3 15. Qxd3 dxc3 16. Bxc3 Nxe5 17. Nxe5 Rxc3+ 0-1

[Event "Live Chess"]
[Site "Chess.com"]
[Date "2024.06.02"]
[Round "-"]
[White "ProfPoisson"]
[Black "Delacorta"]
[Result "0-1"]
[WhiteElo "1317"]
[BlackElo "1522"]
[TimeControl "300"]
[EndTime "2:52:12 PDT"]
[Termination "Delacorta won by resignation"]

1. e4 e6 2. d4 d5 3. e5 c5 4. c3 Nc6 5. Nf3 Bd7 6. Bd3 Qb6 7.
O-O Nh6 8. dxc5 Bxc5 9. b4 Bxf2+ 10. Rxf2 Ng4 11. Nbd2 Nxf2 12. Qf1 0-1

[Event "Live Chess"]
[Site "Chess.com"]
[Date "2024.06.02"]
[Round "-"]
[White "defenderalist"]
[Black "upoe610"]
[Result "0-1"]
[WhiteElo "1522"]
[BlackElo "2147"]
[TimeControl "300"]
[EndTime "2:52:51 PDT"]
[Termination "upoe610 won by resignation"]

1. e4 e5 2. f4 exf4 3. Nf3 Nf6 4. Nc3 d5 5. e5 Nh5 6. d4 g5 7. Be2 Be6 8. O-O g4 9. Ne1 Qh4 10. Bxf4 Nxf4 11. Rxf4 Bh6 12. Rf1 Be3+ 13. Kh1 g3 14.
Nf3 Qh6 15. Qd3 Nd7 16. h4 Bg4 17. Nxd5 Bxf3 18. Nxe3 Qxh4+ 0-1

[Event "Live Chess"]
[Site "Chess.com"]
[Date "2024.06.02"]
[Round "-"]
[White "Isambard_Thomas"]
[Black "Ninifu"]
[Result "1-0"]
[WhiteElo "2161"]
[BlackElo "2011"]
[TimeControl "300"]
[EndTime "2:52:58 PDT"]
[Termination "Isambard_Thomas won by checkmate"]

1. d4 Nf6 2. Nf3 g6 3. Bg5 Bg7 4. e3 O-O 5. Bd3 d5 6. Nbd2 b6 7. Qe2 Bb7 8. O-O-O c5 9. c3 Nc6 10. h4 h6 11. h5 hxg5 12. hxg6 fxg6 13. Bxg6 g4 14. Ng5 Qd6 15. Qd3 Ne4 16. Bh7+ Kh8 17. Bxe4+ Kg8 18. Bxd5+ Qxd5 19. Qh7# 1-0

[Event "Live Chess"]
[Site "Chess.com"]
[Date "2024.06.02"]
[Round "-"]
[White "wadsy27"]
[Black "CarmelJane"]
[Result "1-0"]
[WhiteElo "2571"]
[BlackElo "2056"]
[TimeControl "300"]
[EndTime "2:53:26 PDT"]
[Termination "wadsy27 won by resignation"]

1. Nf3 Nf6 2. e3 b6 3. b3 Bb7 4.
Bb2 g6 5. c4 Bg7 6. Be2 O-O 7.
O-O c5 8. Nc3 a6 9. d4 cxd4 10.
Nxd4 d6 11. Bf3 Bxf3 12. Qxf3 Nbd7 13. Nc6 Qe8 14. Rfd1 Nh5 15. Nd5 Bxb2 16. Nc7 Bxa1 17. Nxe8 Raxe8 18. Rxa1 Nc5 19. Rd1 f5 20. h3 Nf6 21.
Nd4 Nfe4 22. b4 Na4 23. Ne6 Rf6 24. Nc7 Rc8 25. Nd5 Rf7 26. Rd4 e6 27. Rxe4 exd5 28. Rd4 dxc4 29. Qd1 Nc3 30. Qc2 Ne4 31. Rxc4 Rxc4 32.
Qxc4 b5 33. Qc8+ Kg7 34. f3 Nd2 35. Qxa6 Nc4 36. Qxb5 Nxe3 37. a4 d5 38. Qb6 Re7 39. a5 Nc4 40. Qd4+ Kf7 41. a6 Re1+ 42. Kf2 Re6 43.
a7 Nb6 44. Qxb6 1-0

[Event "Live Chess"]
[Site "Chess.com"]
[Date "2024.06.02"]
[Round "-"]
[White "Thebigsqueeze"]
[Black "vincents82"]
[Result "0-1"]
[WhiteElo "2271"]
[BlackElo "2003"]
[TimeControl "300"]
[EndTime "2:53:29 PDT"]
[Termination "vincents82 won by resignation"]

1. d4 d5 2. Nf3 Nf6 3. g3 Bf5 4. Bg2 e6 5. O-O c6 6. c4 Nbd7 7.
cxd5 exd5 8. Bf4 h6 9. Nc3 Be7 10. Ne5 O-O 11. Qb3 Qb6 12. Rfd1 Qxb3 13. axb3 Nxe5 14.
dxe5 Nh5 15. Bd2 g5 16. e4 dxe4 17. Nxe4 Ng7 18. Be3 a6 19. Nf6+ Bxf6 20. exf6 Ne6 21. Rd7 Rab8 22. h4 Nc5 23. Bxc5 Bxd7 24. Bxf8 Kxf8 25.
hxg5 hxg5 26. Bf3 Be6 27. b4 Rd8 28. Kg2 Rd2 29. Rh1 Ke8 30. Rh8+ Kd7 31. Rg8 Rxb2 32. Rxg5 Rxb4 33. g4 Rb5 34. Rg8 a5 35. g5 a4 36. g6 Rg5+ 37. Kf1 Rxg6 38. Ra8 Rxf6 39. Bg2 Bc4+ 40. Ke1 Ba6 41. Bh3+ Kc7 42. Rc8+ Kb6 0-1

[Event "Live Chess"]
[Site "Chess.com"]
[Date "2024.06.02"]
[Round "-"]
[White "JanMur7"]
[Black "seasidecastle27"]
[Result "0-1"]
[WhiteElo "2264"]
[BlackElo "1923"]
[TimeControl "300"]
[EndTime "2:53:31 PDT"]
[Termination "seasidecastle27 won by resignation"]

1. c4 e5 2. Nc3 d6 3. Nf3 Nf6 4. d4 exd4 5. Nxd4 Nc6 6. Nxc6 bxc6 7. g3 Be7 8. Bg2 Bd7 9. O-O O-O 10. b3 Rb8 11. Bb2 Re8 12. Qc2 Bf8 13. Ne4 Nxe4 14. Bxe4 g6 15. Qc3 f6 16. Bf3 Bg7 17. Rad1 Re7 18. Ba3 Qe8 19. Qa5 Bh3 20. Rfe1 f5 21. Qxa7 Ra8 22. Qxa8 Qxa8 23. Bc1 Bc3 24. Bd2 Qa5 25.
Bxc3 Qxc3 26. Bxc6 Qb2 27. a4 Rxe2 28. Rxe2 Qxe2 29. Rc1 Qb2 30. Re1 Qd2 31. Ra1 Qb2 32. Re1 Qxb3 33. Ra1 Qxc4 34. Bh1 Qc3 35. Rd1 Qc2 36.
Ra1 Kg7 37. a5 Qc3 0-1

[Event "Live Chess"]
[Site "Chess.com"]
[Date "2024.06.02"]
[Round "-"]
[White "AlanBstard10"]
[Black "WorcesterYork"]
[Result "0-1"]
[WhiteElo "1224"]
[BlackElo "2476"]
[TimeControl "300"]
[EndTime "2:53:32 PDT"]
[Termination "WorcesterYork won by resignation"]

1. b4 d6 2. Bb2 c6 3. c4 e5 4.
a3 Ne7 5. e3 Ng6 6. Be2 Qg5 7. g3 Qe7 8. Nf3 Bh3 9. Bf1 Bxf1 10.
Rxf1 Nd7 11. Nc3 h6 12. Ne4 f5 13. Nc3 Qe6 14. Qb3 Be7 15. Rb1 Bf6 16. Bc1 e4 17. Nd4 Bxd4 18. exd4 O-O 19. c5 d5 20. Qc2 f4 21. d3 exd3+ 22. Kd2 dxc2 23. Kxc2 fxg3 24. hxg3 Qf5+ 25. Kb3 a5 26. Ka2 axb4 27. Rxb4 Qc2+ 28. Rb2 Qxc3 29. Rd1 Rxa3+ 0-1

[Event "Live Chess"]
[Site "Chess.com"]
[Date "2024.06.02"]
[Round "-"]
[White "friarnator"]
[Black "slava_ukr"]
[Result "1-0"]
[WhiteElo "2220"]
[BlackElo "2415"]
[TimeControl "300"]
[EndTime "2:53:37 PDT"]
[Termination "friarnator won on time"]

1. d4 d5 2. Nc3 Nf6 3. Bf4 e6 4. e3 Bd6 5. Nf3 O-O 6. Bd3 b6 7. O-O Ba6 8. Ne2 Bxd3 9. Qxd3 Qc8 10. c3 Qa6 11. Qxa6 Nxa6 12. a4 Ne4 13. Rfd1 f6 14.
Bxd6 cxd6 15. Nd2 f5 16. Nf4 Kf7 17. f3 Nxd2 18. Rxd2 g5 19. Nd3 Kf6 20. a5 b5 21.
Re1 Rab8 22. e4 b4 23. e5+ Ke7 24. exd6+ Kxd6 25. cxb4 Nxb4 26. Nc5 Rf6 27. Rde2 Re8 28. h4 h6 29. hxg5 hxg5 30. Rc1 Rf7 31. Rc3 Nc6 32. Nxe6 Rfe7 33. Rec2 Kxe6 34. Rxc6+ Kf7 35. Rc7 a6 36.
Kf2 f4 37. b4 Rb8 38. Rxe7+ Kxe7 39. Rc6 Rxb4 40. Rxa6 Rxd4 41. Rg6 Rd2+ 42. Kf1 Ra2 43.
a6 d4 44. Rxg5 Rxa6 45. Re5+ Kf6 46. Re4 Ra1+ 47. Kf2 Ra2+ 48. Kg1 d3 49. Rd4 d2 50. Kf1 Ke5 51. Re4+ Kf5 52. Ke2 d1=Q+ 53. Kxd1 Rxg2 54. Ra4 Rf2 55. Ra3 Kg5 56. Ke1 Rb2 57. Kf1 Kh4 58. Ra4 Kg3 59. Ra3 Rb1+ 60. Ke2 Rb2+ 61. Ke1 1-0

[Event "Live Chess"]
[Site "Chess.com"]
[Date "2024.06.02"]
[Round "-"]
[White "booktrunk"]
[Black "ZatixMajor"]
[Result "0-1"]
[WhiteElo "1507"]
[BlackElo "2028"]
[TimeControl "300"]
[EndTime "2:53:39 PDT"]
[Termination "ZatixMajor won by resignation"]

1. d4 Nf6 2. Nc3 g6 3. Bf4 Bg7 4. Nb5 d6 5. f3 a6 6. Nc3 Nh5 7. Be3 O-O 8. Bf2 Nf6 9. e4 c6 10. Bd3 b5 11. a3 a5 12. Nge2 Ba6 13. O-O b4 14. Bxa6 Nxa6 15. axb4 Nxb4 16. Na2 c5 17. Nxb4 cxb4 18. d5 Qc7 19. Rc1 Nd7 20. b3 Nc5 21.
Bd4 Qb6 22. Bxg7 Kxg7 23. Qd4+ Kg8 24. Kh1 Qc7 25. Rfe1 e6 26. dxe6 Nxe6 27. Qd5 a4 28. bxa4 Rxa4 29. Nd4 Nxd4 30. Qxd4 Rfa8 31. Ra1 Qxc2 32. Rxa4 Rxa4 33. h3 Ra2 34. Rg1 b3 35. Qxd6 Qc8 36. Rb1 b2 37. Qb4 Qc1+ 38. Rxc1 bxc1=Q+ 39. Kh2 Qf4+ 40. Kh1 Ra1+ 0-1

[Event "Live Chess"]
[Site "Chess.com"]
[Date "2024.06.02"]
[Round "-"]
[White "OliWally08"]
[Black "TheSmoulderingMaster"]
[Result "1/2-1/2"]
[WhiteElo "1288"]
[BlackElo "1773"]
[TimeControl "300"]
[EndTime "2:53:41 PDT"]
[Termination "Game drawn - insufficient material"]

1. e4 c5 2. c3 d5 3. exd5 Qxd5 4.
d4 Nf6 5. Nf3 Nc6 6. Be2 Bg4 7.
O-O cxd4 8. Nxd4 Bxe2 9. Nxe2 e6 10. Qxd5 Nxd5 11. Rd1 Bc5 12. Nd2 O-O 13. Nf3 Rad8 14. Bg5 f6 15. Bh4 e5 16. Ng3 Nf4 17. Rd2 Rxd2 18. Nxd2 Rd8 19. Nf3 Nd3 20. Ne4 Bb6 21. Rd1 Nxb2 22. Rxd8+ Bxd8 23. Kf1 f5 24. Bxd8 Nxd8 25.
Nd6 e4 26. Nd4 Na4 27. c4 Nc3 28. a3 Nb1 29. a4 g6 30. c5 Kf8 31. Ke2 Nc3+ 32.
Ke3 Nxa4 33. Kf4 Nxc5 34. f3 exf3 35. Kxf3 a5 36. N4b5 a4 37. g4 fxg4+ 38. Kxg4 Nc6 39. Kg5 Ne5 40. Kh6 Ng4+ 41. Kxh7 Nxh2 42. Kxg6 Nf3 43. Kf5 Ke7 44. Kf4 Nd4 45. Nxb7 Nxb5 46. Nxc5 a3 47. Nb3 a2 48. Ke5 Kd7 49. Kd5 Kc7 50.
Kc5 Nc3 51. Kc4 Nb1 52. Kd3 Kc6 53. Kc2 Na3+ 54. Kb2 Nc4+ 55. Kxa2 1/2-1/2

[Event "Live Chess"]
[Site "Chess.com"]
[Date "2024.06.02"]
[Round "-"]
[White "dmitro74"]
[Black "Crowded_House"]
[Result "1-0"]
[WhiteElo "1738"]
[BlackElo "1666"]
[TimeControl "300"]
[EndTime "2:54:13 PDT"]
[Termination "dmitro74 won by resignation"]

1. d4 e6 2. c4 d5 3. Nc3 c6 4. Nf3 Nf6 5. Bg5 Be7 6. e3 h6 7. Bh4 Nbd7 8. Bd3 O-O 9. O-O b6 10. cxd5 cxd5 11. Rc1 Bb7 12. Nb5 a6 13. Nc7 Rc8 14.
Nxa6 Bxa6 15. Bxa6 Ra8 16. Bb5 Rxa2 17. b3 Ra5 18. Qd3 Qb8 19. Bxd7 Nxd7 20. Bxe7 Re8 21. Bb4 Ra7 22. Qb5 Nf6 23. Qc6 Rc7 24. Qxc7 1-0

[Event "Live Chess"]
[Site "Chess.com"]
[Date "2024.06.02"]
[Round "-"]
[White "DJ_Lambton"]
[Black "WeakOldFinished"]
[Result "0-1"]
[WhiteElo "1782"]
[BlackElo "2091"]
[TimeControl "300"]
[EndTime "2:54:17 PDT"]
[Termination "WeakOldFinished won by resignation"]

1. c4 e5 2. g3 Nf6 3. Bg2 c6 4. d4 exd4 5. Qxd4 Na6 6. Nf3 Bc5 7. Qd3 O-O 8. O-O d5 9. cxd5 Qxd5 10. Qxd5 Nxd5 11. a3 Re8 12. e3 Bf5 13. b4 Be7 14. Bb2 Bf6 15. Bxf6 Nxf6 16. Nc3 Nc7 17. Rad1 Rad8 18.
Rd4 Ne6 19. Rxd8 Rxd8 20. Rd1 Rxd1+ 21. Nxd1 Kf8 22. Nc3 Ke7 23. Kf1 Ne4 24. Nxe4 Bxe4 25. Ke2 Bxf3+ 26. Bxf3 Kd6 27. Kd2 b6 28. h4 c5 29.
bxc5+ Kxc5 30. Kc3 b5 31. Bg4 a5 32. Be2 Nc7 33. Bd3 Nd5+ 34. Kb3 h6 35. Be4 Nf6 36. Bf3 Nd7 37. Be2 b4 38. axb4+ axb4 39. Bd3 Ne5 40. Be2 Nc6 41. f4 Na5+ 42. Ka4 Nc4 43.
Kb3 Nxe3 44. g4 Nd5 45. f5 f6 46.
Bf3 Nc3 47. Bg2 Nb5 48. Bf3 Nd4+ 0-1

[Event "Live Chess"]
[Site "Chess.com"]
[Date "2024.06.02"]
[Round "-"]
[White "silunn"]
[Black "bonantagulo"]
[Result "1-0"]
[WhiteElo "2169"]
[BlackElo "2226"]
[TimeControl "300"]
[EndTime "2:54:49 PDT"]
[Termination "silunn won on time"]

1. e4 c5 2. Nf3 e6 3. d4 cxd4 4. Nxd4 Nc6 5. Be3 Qc7 6. Nb3 Nf6 7. N1d2 d5 8. Bd3 Bd6 9. h3 O-O 10. Bg5 Nxe4 11. Bxe4 dxe4 12. Nxe4 Bf4 13. Qg4 e5 14. Qh4 Bf5 15. f3 Bxe4 16. fxe4 Nb4 17. O-O Qxc2 18. Bxf4 exf4 19. Qxf4 Qxb2 20. Nc5 Qd4+ 21. Qf2 Qxf2+ 22. Rxf2 b6 23. Nb3 Rfe8 24. Re2 f5 25. e5 Re7 26.
Nd4 Rae8 27. Nf3 Nd3 28. Rd1 Nxe5 29. Nxe5 Rxe5 30. Rxe5 Rxe5 31. Rd8+ Kf7 32. Rd7+ Re7 33. Rd5 g6 34. Rd4 Re6 35. Kf2 Re7 36. Rd5 Kf6 37. Rd6+ Re6 38. Rd3 a5 39. Rb3 h6 40.
a4 g5 41. Kf3 f4 42. g3 fxg3 43. Kxg3 Kf5 44. Kf3 Re4 45. Rxb6 Rxa4 46. Rb5+ Kf6 47. Kg3 Ra3+ 48. Kg2 a4 49. Rb6+ Kg7 50. Ra6 Rb3 51.
Kh2 Rb2+ 52. Kg3 Rb3+ 53. Kg4 Rb4+ 54. Kf5 Rh4 55. Ra7+ Kg8 56. Kg6 Rf4 57. Ra8+ Rf8 58. Rxa4 Rf6+ 59. Kxf6 Kh7 60. Ra7+ Kg8 61. Kg6 Kf8 62.
Kxh6 Ke8 63. Kxg5 1-0

[Event "Live Chess"]
[Site "Chess.com"]
[Date "2024.06.02"]
[Round "-"]
[White "bill77678"]
[Black "Zhevzh1k7"]
[Result "1-0"]
[WhiteElo "1845"]
[BlackElo "1107"]
[TimeControl "300"]
[EndTime "2:54:51 PDT"]
[Termination "bill77678 won by resignation"]

1. e4 c6 2. d4 d5 3. exd5 cxd5 4.
Bd3 Nc6 5. c3 Nf6 6. Bf4 Bd7 7.
Nf3 e6 8. O-O Be7 9. Re1 O-O 10.
Nbd2 Qb6 11. Rb1 a5 12. Ne5 Nxe5 13. dxe5 Ne8 14. Qh5 g6 15. Qg4 Bc5 16. Re2 Ng7 17.
Bh6 Be7 18. h4 f6 19. exf6 Rxf6 20. Bg5 Rf7 21. Bxe7 Rxe7 22. Nf3 e5 23. Qg5 Qf6 24. Qxf6 1-0

[Event "Live Chess"]
[Site "Chess.com"]
[Date "2024.06.02"]
[Round "-"]
[White "NeilDruggan73"]
[Black "Brooms1989"]
[Result "1-0"]
[WhiteElo "1696"]
[BlackElo "1195"]
[TimeControl "300"]
[EndTime "2:54:51 PDT"]
[Termination "NeilDruggan73 won by checkmate"]

1. d4 Nf6 2. Bg5 g6 3. Bxf6 exf6 4. e3 Bg7 5. g3 O-O 6. Bg2 f5 7. c4 c6 8. Nc3 Re8 9. Nge2 d6 10. Nf4 Nd7 11. h4 Nf6 12. Bf3 Ne4 13. h5 Nxc3 14. bxc3 c5 15. hxg6 fxg6 16. Bd5+ Kf8 17. Rxh7 cxd4 18.
Nxg6# 1-0

[Event "Live Chess"]
[Site "Chess.com"]
[Date "2024.06.02"]
[Round "-"]
[White "bill77678"]
[Black "Brooms1989"]
[Result "1-0"]
[WhiteElo "1845"]
[BlackElo "1195"]
[TimeControl "300"]
[EndTime "2:55:48 PDT"]
[Termination "bill77678 won by resignation"]

1. e4 e5 2. Nf3 Nc6 3. d4 exd4 4.
Bc4 Nf6 5. e5 d5 6. Bb5 Nd7 7.
Bxc6 bxc6 8. O-O Bc5 9. Bg5 f6 10. exf6 Nxf6 11. Re1+ Be7 12. Nxd4 1-0

[Event "Live Chess"]
[Site "Chess.com"]
[Date "2024.06.02"]
[Round "-"]
[White "matt1979"]
[Black "NomisY"]
[Result "0-1"]
[WhiteElo "1408"]
[BlackElo "2285"]
[TimeControl "300"]
[EndTime "2:56:28 PDT"]
[Termination "NomisY won by resignation"]

1. f4 d5 2. e3 g6 3. Nf3 Bg7 4.
d3 Nf6 5. Be2 O-O 6. O-O c5 7.
Nc3 Nc6 8. e4 d4 9. Nb1 Ng4 10. h3 Ne3 11. Bxe3 dxe3 12. c3 Qb6 13. Qc1 Bh6 14. g3 Bxh3 15. Re1 e5 16. Qxe3 Qxb2 17. Nbd2 Qxc3 18. Rac1 Qa5 19. Rxc5 exf4 20. gxf4 Bxf4 21.
Qxf4 Qxc5+ 22. Kh2 Be6 23. Rg1 Nd4 24. Nxd4 Qxd4 25.
Qh6 Rac8 26. Nf3 Qb2 27. Rg2 Rc2 28. Ng5 Qg7 29. Qh4 Bxa2 30. Rf2 Be6 31. d4 h6 32. Nxe6 fxe6 33. Rxf8+ Qxf8 34. Qg4 Kg7 35. Kh3 h5 36. Qg2 Qf6 37. e5 Qf5+ 38. Kh2 Qf4+ 39.
Kg1 Qe3+ 40. Kh2 Rxe2 0-1

[Event "Live Chess"]
[Site "Chess.com"]
[Date "2024.06.02"]
[Round "-"]
[White "ACM42"]
[Black "A3ndrey9"]
[Result "1-0"]
[WhiteElo "2153"]
[BlackElo "1279"]
[TimeControl "300"]
[EndTime "2:56:31 PDT"]
[Termination "ACM42 won by checkmate"]

1. e4 c6 2. Nf3 d5 3. exd5 cxd5 4. d4 Bf5 5. Bd3 Bxd3 6. Qxd3 Nf6 7. O-O e6 8. h3 Nbd7 9. b3 Be7 10. c4 dxc4 11. bxc4 O-O 12. Nbd2 Rc8 13. Bb2 a5 14. Rac1 a4 15.
Ne4 Nxe4 16. Qxe4 Nf6 17. Qe3 h6 18. Rfd1 b6 19. Ba3 Bxa3 20. Qxa3 Qd7 21. Ne5 Qa7 22.
Rb1 Rfd8 23. Rb5 Ne4 24. Qb4 Nd6 25. Rxb6 Rxc4 26. Nxc4 Nxc4 27. Rb7 Qa6 28. Qe7 Rf8 29. Rc1 Nd2 30. Qxf8+ Kxf8 31. Rc8# 1-0

[Event "Live Chess"]
[Site "Chess.com"]
[Date "2024.06.02"]
[Round "-"]
[White "yarek"]
[Black "Pandreq"]
[Result "1-0"]
[WhiteElo "1757"]
[BlackElo "1208"]
[TimeControl "300"]
[EndTime "2:56:35 PDT"]
[Termination "yarek won by resignation"]

1. e4 Nf6 2. e5 Nd5 3. c4 Nb6 4. c5 Nd5 5. Bc4 c6 6. Nc3 e6 7. Ne4 g6 8. Bxd5 cxd5 9. Nf6+ Ke7 10. d4 Bg7 11. Bg5 Qa5+ 12. Kf1 Kf8 13. Nf3 b6 14. cxb6 Ba6+ 15. Kg1 Qxb6 16. b3 d6 17. h4 dxe5 18. Nxe5 Bxf6 19. Bxf6 Rg8 20. h5 Nd7 21. Nxd7+ 1-0

[Event "Live Chess"]
[Site "Chess.com"]
[Date "2024.06.02"]
[Round "-"]
[White "blunderabit"]
[Black "grillage"]
[Result "0-1"]
[WhiteElo "1748"]
[BlackElo "1865"]
[TimeControl "300"]
[EndTime "2:56:44 PDT"]
[Termination "grillage won on time"]

1. e4 d5 2. exd5 Qxd5 3. Nc3 Qd8 4. Bc4 Nf6 5. Nf3 a6 6. Ne5 e6 7. d4 Nbd7 8. Bf4 Nxe5 9. dxe5 Qxd1+ 10. Rxd1 Nd7 11. a3 g6 12. O-O Bg7 13. Rfe1 O-O 14. Bg3 b5 15. Bd3 Nc5 16. f4 Nxd3 17. Rxd3 Bb7 18.
Red1 Bc6 19. Ne2 Be4 20. Rc3 c6 21. Rd4 Bd5 22. Nc1 Rfd8 23. b3 Rac8 24. Nd3 Bf8 25. Bh4 Rd7 26. Nc5 Ra7 27. Bf6 Bg7 28. Bxg7 Kxg7 29.
Rcd3 a5 30. c4 bxc4 31. bxc4 Rb8 32. cxd5 cxd5 33. Rb3 Rc8 34. Nd3 Rc2 35. Ra4 Rac7 36. Rxa5 Rd2 37. Rc5 Rxd3 38. Rxc7 Rxb3 39. Ra7 Rb2 40.
a4 Ra2 41. a5 h6 42. a6 g5 43.
fxg5 hxg5 44. Ra8 Kg6 45. g4 Ra4 46. h3 Ra2 47. a7 Kg7 48. Kf1 Kh7 49. Ke1 Kg7 50.
Kd1 Kh7 51. Kc1 Kg7 52. Kb1 Ra6 53. Kb2 Kh7 54. Kb3 Kg7 55. Kb4 Ra1 56. Kb5 Rb1+ 57. Ka6 Ra1+ 58. Kb7 Rb1+ 59. Kc8 Ra1 0-1

[Event "Live Chess"]
[Site "Chess.com"]
[Date "2024.06.02"]
[Round "-"]
[White "MagnersCarlsberg2870"]
[Black "Bradfield133"]
[Result "0-1"]
[WhiteElo "1800"]
[BlackElo "1877"]
[TimeControl "300"]
[EndTime "2:56:46 PDT"]
[Termination "Bradfield133 won by resignation"]

1. d4 d6 2. Nf3 Bg4 3. e4 Nd7 4. Bc4 Ngf6 5. e5 dxe5 6. dxe5 Bxf3 7. Qxf3 Nxe5 8. Qxb7 Nxc4 9. Qc6+ Nd7 10. Qxc4 e6 11. O-O Bd6 12. Nc3 O-O 13. Be3 Ne5 14. Qe2 Qh4 15. g3 Qh3 16. f4 Ng4 17. Ne4 Nxe3 18.
Qxe3 Be7 19. Rad1 Rab8 20. b3 a5 21. Rd7 Bd8 22. Rfd1 Qf5 23. Kg2 Qb5 24. h4 a4 25.
Qd4 axb3 26. Rxd8 Rbxd8 27. Qxd8 Qe2+ 28. Nf2 bxc2 0-1